 Dungeon Crawl Stone Soup version 0.23.0-3-gf3c87f2 (webtiles) character file.

Game seed: 17970375435610953970

1 zishaf the Caller (level 1, -3/7 HPs)
             Began as a Felid Summoner on Feb 25, 2019.
             Slain by a kobold
             ... wielding a +0 club
              (4 damage)
             ... on level 1 of the Dungeon.
             The game lasted 00:01:00 (156 turns).

zishaf the Caller (Felid Summoner)                   Turns: 156, Time: 00:01:01

Health: -3/7       AC:  1    Str:  4    XL:     1   Next: 16%
Magic:  1/4        EV: 18    Int: 16    God:
Gold:   0          SH:  0    Dex: 16    Spells: 3/4 levels left
                                        Lives:  0   Deaths: 0

rFire    . . .     SeeInvis +   (weapon unavailable)
rCold    . . .     Gourm    .   (shield unavailable)
rNeg     . . .     Faith    .   (armour unavailable)
rPois    .         Spirit   .   (helmet unavailable)
rElec    .         Reflect  .   (cloak unavailable)
rCorr    .         Harm     .   (gloves unavailable)
MR       .....                  (boots unavailable)
Stlth    +++.......             (no amulet)
HPRegen  0.02/turn              (no ring)
MPRegen  0.09/turn              (no ring)

@: quick
A: very small, no armour, no weapons or thrown items, stealth, claws 1, fangs 3,
see invisible, carnivore, speed 1, shaggy fur 1, slow metabolism 1, sharp paws
a: no special abilities


You were on level 1 of the Dungeon.
You were not hungry.

You visited 1 branch of the dungeon, and saw 1 of its levels.

Inventory:

Scrolls
 a - a scroll of fog {unknown}
Comestibles
 b - a ration


   Skills:
 + Level 0.1 Fighting
 + Level 2.7 Dodging
 + Level 2.7 Stealth
 - Level 2.0 Spellcasting
 + Level 4.0 Summonings


You had 3 spell levels left.
You knew the following spells:

 Your Spells              Type           Power        Failure   Level  Hunger
a - Summon Small Mammal   Summ           ##..         4%          1    #......

Your spell library contained the following spells:

 Spells                   Type           Power        Failure   Level  Hunger
 Call Imp                 Summ           ##......     6%          2    ###....
 Call Canine Familiar     Summ           ##......     12%         3    ###....
 Summon Guardian Golem    Hex/Summ       #.......     26%         3    ###....
 Summon Ice Beast         Ice/Summ       #.......     65%         4    #####..
 Summon Lightning Spire   Summ/Air       #.......     65%         4    #####..


Dungeon Overview and Level Annotations

Branches:
Dungeon (1/15)

Altars:


Innate Abilities, Weirdness & Mutations

You cannot wear armour.
You are incapable of wielding weapons or throwing items.
Your paws allow you to move quietly. (Stealth)
You have sharp claws.
You have razor-sharp teeth.
You have supernaturally acute eyesight. (SInv)
You are carnivorous and can eat meat at any time.
You cover ground quickly.
You are covered in fur. (AC +1)
You have a slow metabolism.
Your sharp claws are effective at attacking unaware monsters.


Message History

Your bat misses the kobold. The kobold misses you.
Your bat hits the kobold but does no damage.
The hobgoblin barely misses your rat.
Your bat hits the kobold but does no damage.
Your rat bites the hobgoblin.
The hobgoblin hits your bat with a +0 club.
Your bat dies!
Your bat's corpse disappears in a puff of smoke!
Your rat closely misses the hobgoblin.
Your rat barely misses the hobgoblin.
Your rat barely misses the hobgoblin.
Casting: Summon Small Mammal (safe; 4% risk of failure)
Confirm with . or Enter, or press ? or * to list all spells.
Your rat closely misses the hobgoblin.
Your bat hits the kobold but does no damage.
Your bat hits the kobold.
Your bat hits the kobold but does no damage.
Your bat barely misses the kobold.
The kobold hits you with a +0 club.
Ouch! That really hurt!
You die...

#.......##.#....######.#
........####.)..(........#
...#.....##...............#
..###..#####...r..........##
# . .... #.......≈≈≈≈≈≈≈.#
.# ....
#...g...≈.....≈.##..#
.###.......≈............
.......bK..≈...≈≈≈≈≈....
.......@...≈...≈<..≈....
.......#...≈.....≈.≈....
...........≈.≈≈≈≈≈.≈....
.##...##...≈.≈.....≈....
+... ....≈..>≈...≈.... #...
#...≈≈≈≈≈...≈.... +..
............≈...# #..
#..##.≈.....≈.... ..
#.≈≈≈≈≈≈≈...


You could see a hobgoblin, a kobold, a friendly bat and a friendly rat.

Vanquished Creatures
  A hobgoblin (D:1)
1 creature vanquished.

Vanquished Creatures (collateral kills)
  A bat (D:1)
1 creature vanquished.

Grand Total: 2 creatures vanquished

Notes
Turn   | Place    | Note
-------+----------+-------------------------------------------
     0 | D:1      | zishaf the Felid Summoner began the quest for the Orb.
     0 | D:1      | Reached XP level 1. HP: 7/7 MP: 4/4
   156 | D:1      | Slain by a kobold

Action                   || total
-------------------------++-------
Melee: Unarmed           ||    11
       Bite              ||     1
 Cast: Summon Small Mamm ||     7
Dodge: Dodged            ||    15
